 Dungeon Crawl Stone Soup version 0.26.1-11-gd32895ea62 (webtiles) character file.

Game seed: 705157518553543037

11715 Almogavar the Slinger (level 12, -2/91 HPs)
             Began as a Halfling Hunter on Apr 13, 2021.
             Was a Believer of Nemelex Xobeh.
             Slain by an unseen horror (8 damage)
             ... on level 9 of the Dungeon on Apr 14, 2021.
             The game lasted 00:53:44 (14637 turns).

Almogavar the Slinger (Halfling Hunter)            Turns: 14637, Time: 00:53:44

Health: -2/91      AC: 15    Str: 18    XL:     12   Next: 11%
Magic:  15/15      EV: 19    Int:  9    God:    Nemelex Xobeh [**....]
Gold:   980        SH:  0    Dex: 19    Spells: 11/11 levels left

rFire    . . .     SeeInvis .   L - +2 dagger (vamp)
rCold    . . .     Faith    .   (shield restricted)
rNeg     + + .     Spirit   .   w - +0 acid dragon scales
rPois    .         Reflect  .   r - +2 helmet
rElec    .         Harm     .   (no cloak)
rCorr    +         Rampage  .   v - +2 pair of gloves
Will     +++..     Clarity  +   p - +0 pair of boots
Stlth    +++.......             A - amulet of the Four Winds {rN+ Will+++ Clar}
HPRegen  0.25/turn              N - ring of Elecluti {rN+ rCorr Str+4}
MPRegen  0.14/turn              m - ring of resist corrosion

@: no status effects
A: small, mutation resistance 1
a: Renounce Religion, Draw Escape, Draw Destruction, Draw Summoning


You were on level 9 of the Dungeon.
You worshipped Nemelex Xobeh.
Nemelex Xobeh was pleased with you.
You visited 2 branches of the dungeon, and saw 11 of its levels.
You also visited: Ossuary and Bailey.

You collected 980 gold pieces.

Inventory:

Hand Weapons
 a - a +2 hunting sling
 L - a +2 vampiric dagger (weapon)
Missiles
 d - 99 sling bullets
 e - 120 stones
Armour
 g - a +0 crystal plate armour
 p - a +0 pair of boots (worn)
 r - a +2 helmet (worn)
 v - a +2 pair of gloves (worn)
 w - +0 acid dragon scales (worn)
 y - a +0 scale mail
 K - a +1 plate armour of positive energy
Jewellery
 m - a ring of resist corrosion (right hand)
 q - an uncursed amulet of magic regeneration
 u - an uncursed ring of flight
 A - the amulet of the Four Winds (around neck) {rN+ Will+++ Clar}
   (You found it in a bailey)

   [amulet of nothing]

   It protects you from negative energy.
   It affects your willpower, your defense against some magical effects.
   It protects you against confusion.
 H - an uncursed ring of fire
 J - an uncursed amulet of regeneration
 M - an uncursed amulet of reflection
 N - the ring of Elecluti (left hand) {rN+ rCorr Str+4}
   (You found it in a bailey)

   [ring of resist corrosion]

   It affects your strength (+4).
   It protects you from negative energy.
   It provides partial protection from all sources of acid and corrosion.
Wands
 b - a wand of flame (7)
 x - a wand of iceblast (7)
 B - a wand of random effects (61)
 E - a wand of acid (3)
 G - a wand of digging (10)
Scrolls
 c - a scroll of remove curse
 n - 2 scrolls of magic mapping
 t - 3 scrolls of fear
 D - 3 scrolls of enchant armour
 I - 2 scrolls of amnesia {unknown}
Potions
 f - 3 potions of mutation {unknown}
 h - 2 potions of cancellation
 i - 8 potions of curing
 j - a potion of experience {unknown}
 k - 2 potions of resistance
 l - 2 potions of brilliance
 o - 2 potions of berserk rage
 s - 3 potions of lignification
 z - 3 potions of haste
 C - a potion of magic
 F - 2 potions of might
 O - a potion of attraction {unknown}


   Skills:
 + Level 11.9 Fighting
 + Level 1.9 Short Blades
 - Level 12.6 Slings
 + Level 6.3 Armour
 + Level 6.8 Dodging
 + Level 4.4 Stealth
 * Level 4.3 Invocations


You had 11 spell levels left.
You didn't know any spells.
Your spell library contained the following spells:

 Spells                   Type           Power        Failure   Level
 Apportation              Tloc           0%           45%         1
 Beastly Appendage        Tmut           0%           45%         1
 Freeze                   Ice            0%           45%         1
 Summon Small Mammal      Summ           0%           45%         1
 Call Imp                 Summ           0%           61%         2
 Wereblood                Tmut           0%           61%         2
 Call Canine Familiar     Summ           0%           83%         3
 Frozen Ramparts          Ice            0%           83%         3
 Lesser Beckoning         Tloc           0%           83%         3
 Ozocubu's Armour         Ice            0%           83%         3
 Spider Form              Tmut/Pois      0%           83%         3
 Summon Guardian Golem    Hex/Summ       0%           83%         3
 Tukima's Dance           Hex            0%           83%         3
 Hailstorm                Conj/Ice       0%           99%         4
 Ice Form                 Ice/Tmut       0%           99%         4
 Summon Ice Beast         Ice/Summ       0%           99%         4
 Summon Lightning Spire   Summ/Air       0%           99%         4
 Alistair's Intoxication  Tmut/Pois      0%           100%        5
 Blade Hands              Tmut           0%           100%        5
 Metabolic Englaciation   Hex/Ice        0%           100%        5
 Freezing Cloud           Conj/Ice/Air   0%           100%        6
 Invisibility             Hex            0%           100%        6
 Ozocubu's Refrigeration  Ice            0%           100%        6
 Simulacrum               Ice/Necr       0%           100%        6


Dungeon Overview and Level Annotations

Branches:
Dungeon (10/15)            Temple (1/1) D:7            Lair (0/6) D:10
Ossuary (visited)          Bailey (visited)
    Orc: D:9-12

Altars:
Ashenzari
Cheibriados
Dithmenos
Elyvilon
Fedhas
Gozag
Hepliaklqana
Kikubaaqudgha
Makhleb
Nemelex Xobeh
Okawaru
Qazlal
Ru
Trog
Uskayaw
Wu Jian
Xom
Yredelemnul
Zin
The Shining One
Lugonu

Annotations:
D:4 1 runed translucent door


Innate Abilities, Weirdness & Mutations

You are small and have problems with some larger weapons.
You are somewhat resistant to further mutation.


Message History

You closely miss something.
Something hits you but does no damage. x2
You barely miss something. Something closely misses you. Something hits you.
* * * LOW HITPOINT WARNING * * *
Something hits you but does no damage.
You hit something but do no damage. Something hits you.
* * * LOW HITPOINT WARNING * * *
You closely miss something. Something hits you but does no damage.
Something hits you but does no damage. Something hits you.
* * * LOW HITPOINT WARNING * * *
Something barely misses you. Something hits you but does no damage.
Something hits you but does no damage.
There is an open door, spattered with blood here.
You hit something but do no damage. Something hits you.
* * * LOW HITPOINT WARNING * * *
Something hits you but does no damage.
You barely miss something. Something hits you.
* * * LOW HITPOINT WARNING * * *
Something hits you!
You die...
Your body glows slightly and disappears.

<#.#.#.......#..................#
##.#.#.......#.............###..#
...#.#.......#.............###..#
####.#..)....#.............###..#
'.)..[..)....#..............#...#
###........#.#.........)....#...#
# ##########.#.............._..##
# #.......#..............#..## #
#.#########@#######....#.... #
#.# #.# #.#.###.## ######.#
#.#######...###.##
....##.#########.........#.###..#
......)).[...........###.#.......
..................>.(# #)#.######
....###############..# #.#.# #
....# #..###.#.# # ....#
#...##.#.# #


There were no monsters in sight!

Vanquished Creatures
  Erica (D:9)
  4 two-headed ogres (D:9)
  Pikel (D:7)
  Maggie (D:6)
  Grinder (D:4)
  Eustachio (D:6)
  5 yaks
  Menkaure (D:5)
  An acid dragon (D:7)
  Duvessa (D:4)
  3 sky beasts
  6 ice beasts
  2 necrophages
  14 orc warriors
  A phantom (D:10)
  12 centaurs
  2 lemures (D:7)
  2 big kobolds (D:8)
  4 bullfrogs
  Dowan (D:4)
  A scorpion (D:8)
  13 killer bees
  8 wights
  2 howler monkeys (D:9)
  2 centaur zombies
  2 bullfrog zombies
  9 hounds
  3 jellies
  5 orc priests
  A bullfrog skeleton (D:8)
  3 iguanas
  Ijyb (D:5)
  2 orc wizards (D:9)
  5 worker ants
  3 hound zombies
  3 hound skeletons
  8 mummies (Ossuary)
  4 worker ant zombies
  2 gnolls (D:10)
  A howler monkey skeleton (D:4)
  18 adders
  A shadow imp (D:7)
  A white imp (D:5)
  An ufetubus (D:8)
  5 oozes
  2 adder skeletons
  An adder zombie (D:4)
  7 worms
  2 dart slugs
  13 leopard geckos
  50 orcs
  3 ball pythons
  5 giant cockroaches
  3 gnoll zombies (Ossuary)
  11 goblins
  11 hobgoblins
  12 jackals
  2 quokkas
  A ball python zombie (D:4)
  7 bats
  6 frilled lizards
  A hobgoblin zombie (Ossuary)
  3 jackal zombies (D:4)
  18 kobolds
  2 kobold zombies (Ossuary)
  2 leopard gecko zombies (D:4)
  2 orc zombies (Ossuary)
  9 rats
341 creatures vanquished.

Vanquished Creatures (others)
  An orc wizard (D:5)
  A withered plant (D:4)
2 creatures vanquished.

Grand Total: 343 creatures vanquished

Notes
Turn   | Place    | Note
-------+----------+-------------------------------------------
     0 | D:1      | Almogavar the Halfling Hunter began the quest for the Orb.
     0 | D:1      | Reached XP level 1. HP: 14/14 MP: 1/1
    98 | D:1      | Reached skill level 6 in Slings
   131 | D:1      | Reached XP level 2. HP: 15/19 MP: 2/2
   626 | D:1      | Reached XP level 3. HP: 24/24 MP: 3/3
   652 | D:1      | Reached skill level 7 in Slings
  1115 | D:2      | Found an opulent altar of Gozag.
  1185 | D:2      | Reached XP level 4. HP: 24/29 MP: 4/4
  1380 | D:2      | Reached XP level 5. HP: 30/35 MP: 5/5
  1500 | D:2      | Reached skill level 8 in Slings
  1772 | D:2      | Found a hide-covered altar of Uskayaw.
  2147 | D:3      | Found a glowing silver altar of Zin.
  2264 | D:3      | Reached skill level 1 in Armour
  3069 | D:4      | Found a runed translucent door.
  3069 | D:4      | Found a white marble altar of Elyvilon.
  3069 | D:4      | Noticed an angel
  3082 | D:4      | Noticed Duvessa
  3085 | D:4      | Noticed Dowan
  3102 | D:4      | Killed Duvessa
  3103 | D:4      | Reached skill level 9 in Slings
  3103 | D:4      | Reached XP level 6. HP: 33/42 MP: 6/6
  3114 | D:4      | Killed Dowan
  3333 | D:4      | Reached XP level 7. HP: 46/46 MP: 7/7
  3420 | D:4      | Found a stormy altar of Qazlal.
  3722 | D:4      | Reached skill level 10 in Slings
  4020 | D:4      | Noticed Grinder
  4044 | D:4      | Killed Grinder
  4045 | D:4      | Reached skill level 11 in Slings
  4045 | D:4      | Reached XP level 8. HP: 29/54 MP: 8/8
  4205 | D:4      | Found a white marble altar of Elyvilon.
  4293 | D:4      | Found a basalt altar of Yredelemnul.
  4389 | D:5      | Entered Level 5 of the Dungeon
  4522 | D:5      | Noticed Ijyb
  5063 | D:5      | Killed Ijyb
  5064 | D:5      | Reached skill level 12 in Slings
  5258 | D:5      | Noticed Menkaure
  5262 | D:5      | Killed Menkaure
  5914 | D:6      | Noticed Eustachio
  5937 | D:6      | Killed Eustachio
  5938 | D:6      | Reached skill level 5 in Fighting
  5938 | D:6      | Reached XP level 9. HP: 61/61 MP: 9/9
  6386 | D:6      | Noticed Maggie
  6406 | D:6      | Killed Maggie
  6958 | D:7      | Found a sand-covered staircase.
  6964 | Ossuary  | Entered an ossuary
  7323 | D:7      | Found a hazy altar of Hepliaklqana.
  7383 | D:7      | Found a staircase to the Ecumenical Temple.
  7393 | Temple   | Entered the Ecumenical Temple
  7405 | Temple   | Became a worshipper of Nemelex Xobeh the Trickster
  7569 | D:7      | Found a sacrificial altar of Ru.
  7607 | D:7      | Reached skill level 5 in Armour
  7868 | D:7      | Noticed Pikel
  7914 | D:7      | Killed Pikel
  7915 | D:7      | Reached XP level 10. HP: 65/72 MP: 10/10
  8008 | D:7      | Found a snail-covered altar of Cheibriados.
  8433 | D:7      | Found a burning altar of Makhleb.
  8694 | D:7      | Found a shimmering altar of Xom.
  8828 | D:7      | Found a snail-covered altar of Cheibriados.
  9310 | D:8      | Reached skill level 5 in Dodging
  9916 | D:8      | Reached * piety under Nemelex Xobeh
  9946 | D:8      | Reached skill level 10 in Fighting
  9946 | D:8      | Reached XP level 11. HP: 81/81 MP: 11/11
 10378 | D:9      | Found a bloodstained altar of Trog.
 10432 | D:9      | Noticed Erica
 10781 | D:9      | Received a gift from Nemelex Xobeh
 10944 | D:9      | Reached skill level 1 in Invocations
 10947 | D:9      | Noticed a two-headed ogre
 10965 | D:9      | Killed a two-headed ogre
 11230 | D:9      | Found a broken altar of Ashenzari.
 11231 | D:9      | Noticed a two-headed ogre
 11261 | D:9      | Killed a two-headed ogre
 11293 | D:9      | Noticed a two-headed ogre
 11309 | D:9      | Killed a two-headed ogre
 11759 | D:9      | Noticed a two-headed ogre
 11774 | D:9      | Killed a two-headed ogre
 11775 | D:9      | Reached skill level 1 in Short Blades
 12170 | D:9      | Identified the -2 quarterstaff of Sodwyrr {venom, Str+6
                  | Int-2}
 12402 | D:9      | Reached ** piety under Nemelex Xobeh
 12474 | D:9      | Found a shadowy altar of Dithmenos.
 12602 | D:9      | Killed Erica
 12976 | D:10     | Entered Level 10 of the Dungeon
 13131 | D:10     | Found a flagged portal.
 13154 | Bailey   | Entered a bailey
 13481 | Bailey   | Received a gift from Nemelex Xobeh
 13697 | Bailey   | Reached XP level 12. HP: 79/90 MP: 14/14
 13756 | Bailey   | Found the amulet of the Four Winds {rN+ Will+++ Clar}
 14034 | Bailey   | Got a shimmering steel ring
 14036 | Bailey   | Identified the ring of Elecluti {rN+ rCorr Str+4} (You
                  | found it in a bailey)
 14637 | D:9      | Slain by an unseen horror

Illustrated notes

Levels and vault maps discovered:
D:1:      dpeg_arrival_arbitrary_c, layout_loops_ring, nrook_loot_triangle
D:2:      layout_rooms, lemuel_doored_altar, grunt_gozag_breadcrumbs,
          serial_rivers, chequers_serial_rivers_room_a,
          chequers_serial_rivers_marsh, chequers_serial_rivers_micro_a,
          chequers_serial_rivers_small_b, chequers_serial_rivers_large_b
D:3:      layout_loops_ring, overflow_temple_1_default, minmay_pentangle
D:4:      layout_loops_cross, kennysheep_ying_yang,
          nicolae_qazlal_general_emergency, serial_undead, serial_undead_c,
          serial_undead_b, serial_undead_d, serial_undead_a, lemuel_angel_altar,
          uniq_duvessa, uniq_grinder
D:5:      layout_basic, uniq_ijyb, uniq_menkaure
D:6:      layout_cave_pools, uniq_maggie, uniq_eustachio
D:7:      layout_loops_ring, marbit_many_paths, hangedman_ru_absence,
          nicolae_overflow_hidden_temple, slow_altar_2, tgw_xom,
          minmay_temple_entry_slanted, basic_altar,
          lightli_ossuary_entry_decrepit_ruins, uniq_pikel
D:8:      layout_basic
D:9:      layout_basic, cheibrodos_ashenzari_chains, kennysheep_mini_moat,
          overflow_temple_1_default, uniq_erica
D:10:     layout_grid_maze, lair_entry_dummy, enter_bailey_7,
          lemuel_old_faithful
Temple:   corrupted_temple

Skill      XL: |  1  2  3  4  5  6  7  8  9 10 11 12 |
---------------+-------------------------------------+-----
Slings         | 6 7 9 11 12 | 12.6
Fighting       | 2 3 5 8 10 11 | 11.9
Armour         | 1 2 3 5 6 |  6.3
Dodging        | 3 5 6 |  6.8
Stealth        | 2 3 4 |  4.4
Invocations    | 3 4 |  4.3
Short Blades   | 1 |  1.9

Action                   |  1- 3 |  4- 6 |  7- 9 | 10-12 || total
-------------------------+-------+-------+-------+-------++-------
Melee: Short sword       |    24 |     1 |       |       ||    25
       Dagger            |       |       |       |    86 ||    86
       Hunting sling     |       |       |       |     3 ||     3
 Fire: Hunting sling     |    76 |   217 |   651 |  1066 ||  2010
Invok: Draw Destruction  |       |       |       |     2 ||     2
       Draw Escape       |       |       |       |     1 ||     1
       Draw Summoning    |       |       |       |     1 ||     1
  Use: Scroll            |       |     3 |    18 |     6 ||    27
       Potion            |       |       |       |     3 ||     3
Armor: Leather armour    |     3 |    14 |    12 |       ||    29
       Acid dragon scale |       |       |    35 |   178 ||   213
Dodge: Dodged            |    20 |    46 |   122 |   265 ||   453
Block: Other             |       |       |       |    22 ||    22
